AoeStats
← martin.fischer.ac

African Clearing

506443171Analyzed
4v4 RM · 19d ago on Sep 13, 2026· 58m 53s· 8 players
Game mode
Random Map
Map size
Large (8 player)
Population
200
Speed
Normal
Resources
Standard
Victory
Conquest
Starting age
Dark Age
Ending age
Imperial Age
RankedLock teamsTeams togetherTeam positionsShared explorationLock speedFull tech treeHidden civsTurbo modeCheats
Victory
Defeat
🇩🇪 Byzantines · Germany
843
+14
🇩🇪 Georgians · Germany
749
+18
🇪🇸 Vietnamese · Spain
745
+18
🇧🇷 Italians · Brazil
737
+18
🇧🇪 Inca · Belgium
812
-17
🇩🇪 Malians · Germany
809
-18
🇨🇿 Hindustanis · Czechia
781
-17
🇬🇧 Chinese · United Kingdom
776
-16
chipandcharge
4:19 Loom
17:07 Feudal Age
17:45 Double-Bit Axe
17:43 Horse Collar
24:36 Castle Age
25:28 Heavy Plow
25:43 Bow Saw
29:41 Crossbowman
30:20 Fletching
30:31 Padded Archer Armor
31:38 Thumb Ring
32:03 Gold Mining
32:04 Stone Mining
32:22 Town Watch
34:52 Wheelbarrow
34:18 Town Patrol
35:25 Leather Archer Armor
35:59 Caravan
37:26 Gold Shaft Mining
37:26 Stone Shaft Mining
37:01 Bodkin Arrow
41:43 Hand Cart
44:22 Imperial Age
42:46 Masonry
42:32 Murder Holes
42:58 Ballistics
42:30 Heated Shot
42:54 Forging
42:45 Scale Mail Armor
42:10 Elite Skirmisher
45:41 Conscription
45:46 Rocketry
45:17 Heavy Rocket Cart
46:46 Arbalester
47:11 Heavy Scorpion
47:26 Elite Chu Ko Nu
51:23 Ring Archer Armor
50:55 Bracer
51:30 Iron Casting
51:11 Chain Mail Armor
50:45 Capped Ram
51:33 Man-at-Arms
52:23 Siege Ram
54:37 Long Swordsman
57:04 Chemistry
55:52 Two-Handed Swordsman
56:59 Champion
vikovski
4:22 Loom
12:35 Feudal Age
13:27 Man-at-Arms
15:37 Arson
19:34 Forging
20:56 Stone Mining
23:08 Castle Age
21:54 Scale Mail Armor
23:22 Long Swordsman
25:46 Iron Casting
34:08 Horse Collar
35:04 Squires
36:45 Wheelbarrow
37:52 Double-Bit Axe
39:04 Bow Saw
39:27 Hand Cart
42:24 Gold Mining
48:31 Imperial Age
46:18 Husbandry
47:44 Bloodlines
48:32 Cavalier
49:36 Conscription
50:07 Scale Barding Armor
51:19 Farimba
52:40 Elite Gbeto
54:41 Caravan
55:39 Chain Barding Armor
55:40 Murder Holes
56:10 Ballistics
57:13 Plate Barding Armor
GLOBAL DELETE BOY
11:47 Loom
14:47 Feudal Age
19:34 Double-Bit Axe
24:37 Castle Age
23:21 Stone Mining
23:21 Gold Mining
24:50 Bloodlines
24:49 Scale Barding Armor
27:07 Fletching
35:32 Grand Trunk Road
EyesOfWar
6:56 Loom
14:28 Feudal Age
15:25 Gold Mining
14:58 Champi Runner
16:37 Fletching
18:56 Scale Mail Armor
29:04 Castle Age
27:30 Arson
28:28 Forging
29:07 Arson
29:42 Pikeman
30:22 Squires
30:17 Champi Warrior
31:30 Squires
36:33 Chain Mail Armor
36:53 Double-Bit Axe
36:51 Horse Collar
42:04 Wheelbarrow
41:20 Town Watch
46:09 Imperial Age
46:00 Iron Casting
46:50 Andean Sling
47:11 Conscription
48:06 Blast Furnace
Walls vs Zombies 2009
7:22 Loom
12:52 Feudal Age
19:32 Castle Age
21:17 Wheelbarrow
21:56 Fletching
22:25 Double-Bit Axe
22:21 Horse Collar
25:58 Town Watch
28:22 Bow Saw
28:16 Heavy Plow
29:26 Hand Cart
30:48 Bodkin Arrow
34:17 Imperial Age
34:11 Gold Mining
34:14 Stone Mining
35:33 Guard Tower
35:48 Bracer
37:49 Padded Archer Armor
37:58 Svan Towers
38:14 Conscription
40:03 Chemistry
40:01 Ballistics
39:50 Siege Engineers
39:52 Scale Barding Armor
39:57 Forging
41:34 Leather Archer Armor
42:37 Chain Barding Armor
42:27 Forging
43:00 Treadmill Crane
43:56 Keep
43:06 Arrowslits
45:29 Masonry
46:24 Crop Rotation
46:29 Stone Shaft Mining
46:31 Plate Barding Armor
46:31 Iron Casting
47:06 Iron Casting
46:42 Bloodlines
46:33 Husbandry
46:46 Fervor
46:13 Light Cavalry
48:10 Architecture
48:19 Aznauri Cavalry
49:33 Hussar
50:24 Guilds
50:14 Elite Monaspa
53:08 Blast Furnace
56:15 Murder Holes
56:32 Town Patrol
60:07 Hoardings
eva
4:59 Loom
16:03 Feudal Age
25:49 Castle Age
24:28 Scale Barding Armor
24:52 Town Watch
25:42 Bloodlines
27:10 Chain Barding Armor
27:30 Horse Collar
29:52 Wheelbarrow
32:31 Stone Mining
32:32 Gold Mining
32:39 Crossbowman
34:25 Double-Bit Axe
35:17 Forging
34:58 Fletching
37:44 Murder Holes
38:11 Ballistics
39:12 Padded Archer Armor
40:33 Leather Archer Armor
50:27 Light Cavalry
53:46 Chatras
55:46 Hand Cart
55:35 Heavy Plow
60:16 Imperial Age
58:00 Fortified Wall
GustavoSL82
9:23 Loom
19:32 Feudal Age
20:57 Wheelbarrow
20:11 Double-Bit Axe
24:10 Man-at-Arms
28:50 Horse Collar
38:47 Castle Age
36:43 Stone Mining
36:53 Gold Mining
38:15 Arson
39:26 Long Swordsman
39:27 Pikeman
40:08 Squires
42:37 Bow Saw
43:41 Silk Road
44:56 Heavy Plow
51:08 Imperial Age
53:19 Two-Man Saw
52:53 Crop Rotation
54:00 Chemistry
52:56 Murder Holes
52:48 Arrowslits
55:03 Conscription
56:59 Bombard Tower
56:51 Fortified Wall
56:32 Heated Shot
57:02 Ballistics
57:28 Hoardings
martin.fischer.ac
11:06 Loom
15:33 Feudal Age
15:47 Man-at-Arms
16:13 Arson
16:49 Double-Bit Axe
17:05 Horse Collar
19:28 Wheelbarrow
28:15 Castle Age
26:36 Fletching
38:04 Hand Cart
48:30 Pikeman
49:10 Squires
52:02 Scale Mail Armor
59:25 Imperial Age
57:05 Stone Mining
57:08 Gold Mining
57:43 Scale Barding Armor
58:09 Husbandry
57:30 Light Cavalry
59:49 Chain Barding Armor
Connection lost

Rejoining the realm…

Still unreachable

The connection could not be restored.

Session expired

The server has moved on; the page needs a fresh start.